 Dungeon Crawl Stone Soup version 0.31.0-9-g3a7656b989 (webtiles) character file.

Game seed: 2431294570084117554

60 qw the Shooter (level 3, 0/18 HPs)
             Began as a Spriggan Hunter on Feb 2, 2024.
             Succumbed to their own poison gas
             ... on level 2 of the Dungeon.
             The game lasted 00:00:05 (1400 turns).

qw the Shooter (Spriggan Hunter)                    Turns: 1400, Time: 00:00:05

Health: 0/18       AC:  2    Str:  7    XL:     3   Next: 80%
Magic:  4/4        EV: 19    Int: 10    God:
Gold:   98         SH:  0    Dex: 20    Spells: 2/2 levels left

rFire   . . .        a - +0 shortbow
rCold   . . .        (shield currently unavailable)
rNeg    . . .        c - +0 robe
rPois   .            (helmet restricted)
rElec   .            (no cloak)
rCorr   .            (gloves unavailable)
SInv    +            (boots unavailable)
Will    .....        (no amulet)
Stlth   ++           (no ring)
HPRegen 0.23/turn    (no ring)
MPRegen 0.09/turn

%: no passive effects
@: lethally poisoned (0 -> -5), very quick
A: very small, no large weapons, unfitting armour, see invisible, speed 3
a: no special abilities


You were on level 2 of the Dungeon.
You visited 1 branch of the dungeon, and saw 2 of its levels.

You collected 98 gold pieces.


Innate Abilities, Weirdness & Mutations

You are very small and have problems with some larger weapons.
You are too small for most types of armour.
You have supernaturally acute eyesight. (SInv)
You cover ground extremely quickly. (Speed+++)


   Skills:
 - Level 1.5 Fighting
 - Level 5.0 Ranged Weapons
 + Level 4.0 Dodging
 - Level 1.5 Stealth


You had 2 spell levels left.
You didn't know any spells.
Your spell library was empty.

Inventory:

Hand Weapons
 a - a +0 shortbow (weapon)
Armour
 c - a +0 robe (worn)
Potions
 b - a potion of heal wounds
 d - a potion of mutation {unknown}
 e - a potion of might {unknown}

Dungeon Overview and Level Annotations

Branches:
Dungeon (2/15)

Altars:
Kikubaaqudgha


Message History

You kill the frilled lizard!
You see here a +0 club.
Done exploring.
Done exploring.
1391 ||| READING scroll labelled FERU GIEPPAUDE.
The air fills with toxic fumes!
As you read the scroll labelled FERU GIEPPAUDE, it crumbles to dust.
It was a scroll of poison.
Done exploring.
1392 ||| DRINKING 2 clear potions.
It was a potion of heal wounds.
You feel much better.
Done exploring.
What level of the Dungeon? (default 2, ? - help) Sorry, I don't know how to get there.
Enter note:
Enter note:
Enter note:
Enter note:
Enter note:
Enter note:
Enter note:
Enter note:
Enter note: You are engulfed in poison gas.
You are lethally poisoned!
You feel very sick.
1394 ||| Stepping ~*~*~tactically~*~*~ (cloud).
You feel sick.
There is a lethal amount of poison in your body!
You feel very sick.
There is a lethal amount of poison in your body!
You feel very sick.
There is a lethal amount of poison in your body!
You feel very sick.
There is a lethal amount of poison in your body!
You feel sick.
There is a lethal amount of poison in your body!
You feel sick.
There is a lethal amount of poison in your body!
You die...

#........#.#.#.#.#....##
...#.#...¤#.#.#.#....##
.........¤¤#¤#¤#..).##
....####.0¤0#¤#¤...##
.....###.¤¤0¤#¤0..##
...#..###0¤¤¤00¤.##
...##....¤000¤¤0##
##########0¤0¤¤¤#####
###¤¤¤0@00¤# #¤¤¤¤0¤00#
#¤00000¤¤# ##########


There were no monsters in sight!

Vanquished Creatures
  An adder (D:2)
  2 ball pythons (D:2)
  4 bats
  3 endoplasms
  3 giant cockroaches (D:1)
  2 goblins (D:1)
  5 hobgoblins
  5 jackals (D:1)
  6 kobolds
  2 quokkas
  4 frilled lizards
  8 rats
45 creatures vanquished.

Notes
Turn   | Place    | Note
-------+----------+-------------------------------------------
     0 | D:1      | qw the Spriggan Hunter began the quest for the Orb.
     0 | D:1      | Reached XP level 1. HP: 10/10 MP: 2/2
     0 | D:1      | 0 ||| qw: Version: 0.3-a-155-g5e7d8dd
     0 | D:1      | 0 ||| qw: Game counter: 2108
     0 | D:1      | 0 ||| qw: Melee chars always use a shield: true
     0 | D:1      | 0 ||| qw: God list: Okawaru
     0 | D:1      | 0 ||| qw: Allow faded altars: false
     0 | D:1      | 0 ||| qw: Do Orc after clearing Dungeon:15 true
     0 | D:1      | 0 ||| qw: Do second Lair branch before Depths: true
     0 | D:1      | 0 ||| qw: Lair rune preference: random
     0 | D:1      | 0 ||| qw: Goals: Normal
     0 | D:1      | 0 ||| PLANNING D:1-11
    56 | D:1      | Reached skill level 3 in Dodging
   108 | D:1      | Reached XP level 2. HP: 12/14 MP: 3/3
   635 | D:1      | Reached XP level 3. HP: 18/18 MP: 4/4
   805 | D:1      | Found a faded altar of an unknown god.
   950 | D:1      | 950 ||| READING scroll labelled HOYZXYU SIRGH.
   953 | D:1      | 953 ||| READING scroll labelled TIEWUE XOUHOH.
   954 | D:1      | 954 ||| DROPPING scroll of butterflies.
   999 | D:2      | Found an ancient bone altar of Kikubaaqudgha.
  1336 | D:2      | Reached skill level 5 in Ranged Weapons
  1391 | D:2      | 1391 ||| READING scroll labelled FERU GIEPPAUDE.
  1392 | D:2      | 1392 ||| DRINKING 2 clear potions.
  1394 | D:2      | 1394 ||| Stepping ~*~*~tactically~*~*~ (cloud).
  1397 | D:2      | HP: 3/18 [poisoned by you (poison gas)]
  1398 | D:2      | HP: 1/18 [poisoned by you (poison gas)]
  1400 | D:2      | Succumbed to their own poison gas

Levels and vault maps discovered:
D:1:      dpeg_arrival_ternary, layout_loops_corners,
          ebering_ecumenical_altar_mist, nrook_mini_vaults, serial_park_tiny_1
D:2:      layout_rooms, basic_altar, nicolae_the_louvre

Skill      XL: |  1  2  3 |
---------------+----------+-----
Dodging        | 3 4 |  4.0
Ranged Weapons | 5 |  5.0
Fighting       | |  1.5
Stealth        | |  1.5

Action                     || total
---------------------------++-------
   Fire: Shortbow          ||   142
    Use: Scroll            ||     3
         Potion            ||     1
 Armour: Robe              ||    18
  Dodge: Dodged            ||    58

Table legend:
 A = Non-vault XP
 B = Vault XP
 C = Vault XP percentage of total XP
 D = Non-vault monster count
 E = Vault monster count
 F = Vault count percentage of total count
                 A         B        C        D         E       F
            +---------+---------+-------+---------+---------+-------
      Total |      86 |       0 |   0.0 |      45 |       0 |   0.0
            +---------+---------+-------+---------+---------+-------
        D:1 |      50 |       0 |   0.0 |      30 |       0 |   0.0
        D:2 |      36 |       0 |   0.0 |      15 |       0 |   0.0
            +---------+---------+-------+---------+---------+-------
